 Dungeon Crawl Stone Soup version 0.21.0-3-g78d12a8 (webtiles) character file.

236 letownia2 the Conjurer (level 6, 30/30 HPs)
             Began as a Vine Stalker Wizard on Jan 13, 2018.
             Quit the game in the Ecumenical Temple.
             The game lasted 00:05:33 (2592 turns).

letownia2 the Conjurer (Vine Stalker Wizard)        Turns: 2592, Time: 00:05:34

Health: 30/30      AC:  3    Str: 12    XL:     6   Next: 6%
Magic:  12/12      EV: 11    Int: 18    God:
Gold:   146        SH:  0    Dex: 12    Spells: 3/12 levels left

rFire    . . .     SeeInvis .   a - +1 lajatang (elec)
rCold    . . .     Gourm    .   (shield currently unavailable)
rNeg     . . .     Faith    .   h - +0 leather armour
rPois    .         Spirit   +   b - +0 hat
rElec    .         Reflect  .   (no cloak)
rCorr    .         Harm     .   (no gloves)
MR       .....                  (no boots)
Stlth    ++........             (no amulet)
HPRegen  0.50/turn              (no ring)
MPRegen  0.13/turn              (no ring)

@: about to teleport
A: fangs 2, regeneration 1, magic shield, antimagic bite, no potion heal 3, rot
immunity
a: no special abilities


You were in the Ecumenical Temple.
You were not hungry.

You visited 2 branches of the dungeon, and saw 6 of its levels.

You collected 146 gold pieces.

Inventory:

Hand Weapons
 a - a +1 lajatang of electrocution (weapon)
 f - a +0 dagger
Missiles
 l - 7 javelins (quivered)
Armour
 b - a +0 hat (worn)
 e - a +0 ring mail
 h - a +0 leather armour (worn)
 p - a +0 robe
 s - a +0 ring mail
Jewellery
 k - an uncursed ring of fire
Wands
 j - a wand of enslavement (9)
Scrolls
 i - 2 scrolls of teleportation
 n - a scroll of remove curse
Potions
 o - 2 potions of heal wounds {unknown}
 r - a potion of haste
Books
 c - a book of Minor Magic

   Spells                             Type                      Level
   a - Magic Dart                     Conjuration                  1
   b - Blink                          Translocation                2
   c - Call Imp                       Summoning                    2
   d - Slow                           Hexes                        2
   e - Conjure Flame                  Conjuration/Fire             3
   f - Mephitic Cloud                 Conjuration/Poison/Air       3
Comestibles
 d - 4 rations
 t - 3 chunks of flesh


   Skills:
 + Level 1.0 Fighting
 + Level 1.0 Armour
 - Level 1.5 Dodging
 - Level 2.4 Stealth
 + Level 3.5 Spellcasting
 + Level 3.7 Conjurations
   Level 1.0 Summonings
 + Level 1.6 Translocations
 + Level 1.5 Fire Magic
 + Level 1.4 Air Magic
 + Level 1.4 Poison Magic


You had 3 spell levels left.
You knew the following spells:

 Your Spells              Type           Power        Failure   Level  Hunger
a - Magic Dart            Conj           ###.         4%          1    None
b - Blink                 Tloc           N/A          16%         2    ##.....
c - Conjure Flame         Conj/Fire      ##......     21%         3    ###....
e - Mephitic Cloud        Conj/Pois/Air  ##......     24%         3    ###....


Dungeon Overview and Level Annotations

Branches:
Dungeon (5/15)             Temple (1/1) D:5

Altars:
Dithmenos
Elyvilon
Fedhas
Hepliaklqana
Kikubaaqudgha
Makhleb
Nemelex Xobeh
Okawaru
Qazlal
Ru
Sif Muna
Trog
Uskayaw
Vehumet
Xom
Yredelemnul
The Shining One

Annotations:
D:5 Daviar's ghost, novice NaCK


Innate Abilities, Weirdness & Mutations

You have extremely sharp teeth.
Your natural rate of healing is unusually fast.
When hurt, damage is shared between your health and your magic reserves.
Your bite disrupts and absorbs the magic of your enemies.
Potions cannot restore your health.
You are immune to rotting.


Message History

Okay, then.
As you read the scroll labeled XOGRIRCH VIUM, it crumbles to dust.
It is a scroll of identify.
r - a potion of haste
As you read the scroll labeled OTTUAQAICE, it crumbles to dust.
It is a scroll of enchant weapon.
Really abort (and waste the scroll)?
Uppercase [Y]es or [N]o only, please.
Really abort (and waste the scroll)?
Your +0 lajatang of electrocution glows red for a moment.
As you read the scroll labeled LAXATATHRIEVAI, it crumbles to dust.
You feel aware of your surroundings.
It was a scroll of magic mapping.
As you read the scroll labeled ZETIOWETTE, it crumbles to dust.
You feel strangely unstable.
It was a scroll of teleportation.
As you read the scroll labeled QOQ TASHRIGG, it crumbles to dust.
You feel blessed for a moment.
It was a scroll of remove curse.
Unknown command.
Put on which piece of jewellery? (? for menu, Esc to quit)
Okay, then.
Are you sure you want to abandon this character and quit the game? (Confirm with "yes".)

..#...###....####.##....###...#..
.#.....#.......###.......#.....#.
#..._..#.._.....#....._..#.._...#
.......#.................#.......
#.....###.......#.......###.....#
##...## ##...##...##...#####...##
#.....###...#.##.####...#.#.....#
.......#.....##...##.....#.......
.._.......#._#..@..#_.#......._..
.......#.....##...##.....#.......
#.....#.#...####.##.#...###.....#
##...#####...##...##...## ##...##
#.....###.......#.......###.....#
.......#.................#.......
#..._..#.._.....#....._..#.._...#
.#.....#.......###.......#.....#.
..#...###....##.####....###...#..


There were no monsters in sight!

Vanquished Creatures
  A hound (D:5)
  A bullfrog zombie (D:5)
  A bullfrog skeleton (D:5)
  Jessica (D:2)
  An iguana (D:5)
  A worker ant (D:5)
  5 adders
  An ooze (D:4)
  2 leopard geckos
  2 orcs
  3 bats
  A giant cockroach (D:1)
  3 goblins
  3 hobgoblins
  2 frilled lizards
  2 kobolds
30 creatures vanquished.

Notes
Turn   | Place    | Note
-------+----------+-------------------------------------------
     0 | D:1      | letownia2 the Vine Stalker Wizard began the quest for the Orb.
     0 | D:1      | Reached XP level 1. HP: 9/9 MP: 5/5
   304 | D:2      | Noticed Jessica
   308 | D:2      | Killed Jessica
   308 | D:2      | Reached XP level 2. HP: 13/13 MP: 1/7
   308 | D:2      | Reached XP level 3. HP: 16/16 MP: 1/8
   382 | D:1      | Learned a level 3 spell: Mephitic Cloud
   386 | D:1      | Learned a level 3 spell: Conjure Flame
   781 | D:3      | Gained mutation: Your natural rate of healing is unusually fast. [Vine Stalker growth]
   781 | D:3      | Reached XP level 4. HP: 18/21 MP: 3/9
   970 | D:3      | Learned a level 2 spell: Blink
  1055 | D:4      | Reached skill level 1 in Fire Magic
  1454 | D:4      | Found a radiant altar of Vehumet.
  1834 | D:5      | Entered Level 5 of the Dungeon
  1927 | D:5      | Noticed Daviar's ghost (novice NaCK)
  1966 | D:5      | Reached skill level 1 in Air Magic
  1966 | D:5      | Reached skill level 1 in Poison Magic
  1980 | D:5      | Noticed a sky beast
  2311 | D:5      | Reached XP level 5. HP: 25/25 MP: 7/11
  2417 | D:5      | Reached skill level 1 in Fighting
  2417 | D:5      | Reached skill level 1 in Armour
  2417 | D:5      | Reached XP level 6. HP: 24/30 MP: 6/12
  2425 | D:5      | Found a staircase to the Ecumenical Temple.
  2442 | Temple   | Entered the Ecumenical Temple
  2592 | Temple   | Quit the game

Skill      XL: |  1  2  3  4  5 |
---------------+----------------+-----
Conjurations   | 3 |  3.7
Fire Magic     | 1 |  1.5
Air Magic      | 1 |  1.4
Poison Magic   | 1 |  1.4
Fighting       | 1 |  1.0
Armour         | 1 |  1.0
Dodging        | |  1.5
Stealth        | |  2.4
Spellcasting   | |  3.5
Summonings     | |  1.0
Translocations | |  1.6

Action                   |  1- 3 |  4- 6 || total
-------------------------+-------+-------++-------
Melee: Dagger            |     2 |       ||     2
       Lajatang          |       |    20 ||    20
       Bite              |       |     7 ||     7
 Cast: Magic Dart        |    42 |    28 ||    70
       Mephitic Cloud    |       |     3 ||     3
       Conjure Flame     |       |     1 ||     1
  Use: Scroll            |       |     5 ||     5
  Eat: Chunk             |       |     5 ||     5
Armor: Leather armour    |     6 |     3 ||     9
Dodge: Dodged            |    21 |    17 ||    38
